| TOP OF THE 1ST |
|
Arizona Diamondbacks batting - Pitching for Los Angeles Dodgers : RHP Bartolo Colon
|
|
Pitching: RHP Bartolo Colon
|
|
|
Batting: LHB Delino DeShields
|
0-0: Ball 1-0: Fly out, F9 (Flyball, 9LS, EV 86.3 MPH)
|
|
Batting: LHB Tony Gwynn
|
0-0: Ball 1-0: Ground out 4-3 (Groundball, 4, EV 100.6 MPH)
|
|
Batting: RHB Moises Alou
|
0-0: Ground out 5-3 (Groundball, 56, EV 93.8 MPH)
|
| Top of the 1st over - 0 runs, 0 hits, 0 errors, 0 left on base; Arizona 0 - Los Angeles 0 |
| BOTTOM OF THE 1ST |
|
Los Angeles Dodgers batting - Pitching for Arizona Diamondbacks : RHP Brett Tomko
|
|
Pitching: RHP Brett Tomko
|
|
|
Batting: RHB Brian L Hunter
|
0-0: Ball 1-0: Swinging Strike 1-1: Foul Ball, location: 2F 1-2: Ball 2-2: Fly out, F7 (Line Drive, 7D, EV 106.9 MPH)
|
|
Batting: LHB Ryan Klesko
|
0-0: Ball 1-0: Called Strike 1-1: Ball 2-1: Foul Ball, location: 2F 2-2: Foul Ball, location: 2F 2-2: Ball 3-2: Ground out U3 (Groundball, 3, EV 88.1 MPH)
|
|
Batting: LHB Shawn Green
|
0-0: Ball 1-0: Ball 2-0: Called Strike 2-1: Ground out 6-3 (Groundball, 6MD, EV 88.1 MPH)
|
| Bottom of the 1st over - 0 runs, 0 hits, 0 errors, 0 left on base; Arizona 0 - Los Angeles 0 |
| TOP OF THE 2ND |
|
Arizona Diamondbacks batting - Pitching for Los Angeles Dodgers : RHP Bartolo Colon
|
|
Batting: LHB Mike Greenwell
|
0-0: Ball 1-0: Fly out, F6 (Popup, 6, EV 68.1 MPH)
|
|
Batting: LHB Mark Grace
|
0-0: Called Strike 0-1: Ball 1-1: Ball 2-1: Swinging Strike 2-2: SINGLE (Groundball, 4MD, EV 98.1 MPH)
|
|
Batting: LHB Robin Ventura
|
0-0: Ground out 4-3 (Groundball, 4S, EV 68.8 MPH) Mark Grace to second
|
|
Batting: RHB Butch Huskey
|
0-0: Ball 1-0: Ball 2-0: Swinging Strike 2-1: 2-RUN HOME RUN (Flyball, 7LD, EV 100.6 MPH), Distance : 355 ft
|
|
Batting: RHB Sandy Alomar Jr.
|
0-0: Ball 1-0: Foul Ball, location: 2F 1-1: Ball 2-1: Called Strike 2-2: Strikes out looking
|
| Top of the 2nd over - 2 runs, 2 hits, 0 errors, 0 left on base; Arizona 2 - Los Angeles 0 |
| BOTTOM OF THE 2ND |
|
Los Angeles Dodgers batting - Pitching for Arizona Diamondbacks : RHP Brett Tomko
|
|
Batting: LHB Rafael Palmeiro
|
0-0: Fly out, F7 (Line Drive, 7, EV 102.5 MPH)
|
|
Batting: RHB Torii Hunter
|
0-0: Ball 1-0: Foul Ball, location: 2F 1-1: Swinging Strike 1-2: Ball 2-2: Ball 3-2: SINGLE (Groundball, 56D, EV 108.1 MPH)
|
|
Batting: RHB Joe Randa
|
0-0: Called Strike 0-1: Foul Ball, location: 2F 0-2: Strikes out looking
|
|
Batting: SHB Jerry Browne
|
0-0: Ball 1-0: Ball 2-0: Ball 3-0: Called Strike 3-1: Fly out, F9 (Line Drive, 9D, EV 91.9 MPH)
|
| Bottom of the 2nd over - 0 runs, 1 hit, 0 errors, 1 left on base; Arizona 2 - Los Angeles 0 |
| TOP OF THE 3RD |
|
Arizona Diamondbacks batting - Pitching for Los Angeles Dodgers : RHP Bartolo Colon
|
|
Batting: RHB Mike Bordick
|
0-0: Swinging Strike 0-1: Ball 1-1: Swinging Strike 1-2: Fly out, F9 (Flyball, 9, EV 86.3 MPH)
|
|
Batting: LHB Delino DeShields
|
0-0: Ball 1-0: Foul Ball, location: 2F 1-1: SINGLE (Groundball, 6MD, EV 100.6 MPH)
|
|
Batting: LHB Tony Gwynn
|
0-0: Called Strike 0-1: Ball 1-1: Ball 2-1: Called Strike 2-2: Ball 3-2: Ground out 3-1 (Groundball, 34, EV 95.0 MPH) Delino DeShields to second
|
|
Batting: RHB Moises Alou
|
0-0: Called Strike 0-1: Ground out 4-3 (Groundball, 34, EV 81.3 MPH)
|
| Top of the 3rd over - 0 runs, 1 hit, 0 errors, 1 left on base; Arizona 2 - Los Angeles 0 |
| BOTTOM OF THE 3RD |
|
Los Angeles Dodgers batting - Pitching for Arizona Diamondbacks : RHP Brett Tomko
|
|
Batting: RHB Homer Bush
|
0-0: Ground out 3-1 (Groundball, 34S, EV 81.3 MPH)
|
|
Batting: SHB Jason Varitek
|
0-0: Ball 1-0: Called Strike 1-1: Foul Ball, location: 2F 1-2: Ground out 6-3 (Groundball, 6, EV 91.3 MPH)
|
|
Batting: RHB Brian L Hunter
|
0-0: Ball 1-0: Ball 2-0: SINGLE (Groundball, 13, EV 63.8 MPH) (infield hit)
|
|
Batting: LHB Ryan Klesko
|
0-0: Called Strike 0-1: Ball 1-1: Swinging Strike 1-2: Foul Ball, location: 2F 1-2: Ball 2-2: Foul Ball, location: 2F 2-2: SINGLE (Line Drive, 9S, EV 95.0 MPH) Brian L Hunter to second Brian L Hunter to third
|
|
Batting: LHB Shawn Green
|
0-0: Called Strike 0-1: Ball 1-1: Foul Ball, location: 2F 1-2: Ball 2-2: Foul Ball, location: 2F 2-2: Fly out, F8 (Line Drive, 8LD, EV 85.6 MPH)
|
| Bottom of the 3rd over - 0 runs, 2 hits, 0 errors, 2 left on base; Arizona 2 - Los Angeles 0 |
| TOP OF THE 4TH |
|
Arizona Diamondbacks batting - Pitching for Los Angeles Dodgers : RHP Bartolo Colon
|
|
Batting: LHB Mike Greenwell
|
0-0: Called Strike 0-1: Foul Ball, location: 2F 0-2: Ball 1-2: Foul Ball, location: 2F 1-2: Ground out 4-3 (Groundball, 4, EV 86.3 MPH)
|
|
Batting: LHB Mark Grace
|
0-0: Ball 1-0: Foul Ball, location: 2F 1-1: Swinging Strike 1-2: Ball 2-2: Ball 3-2: Base on Balls
|
|
Batting: LHB Robin Ventura
|
0-0: Called Strike 0-1: Ball 1-1: Called Strike 1-2: Foul Ball, location: 2F 1-2: Ball 2-2: Foul Ball, location: 2F 2-2: Foul Ball, location: 2F 2-2: Fly out, F7 (Flyball, 78XD, EV 106.9 MPH)
|
|
Batting: RHB Butch Huskey
|
0-0: Swinging Strike 0-1: Called Strike 0-2: Strikes out looking
|
| Top of the 4th over - 0 runs, 0 hits, 0 errors, 1 left on base; Arizona 2 - Los Angeles 0 |
| BOTTOM OF THE 4TH |
|
Los Angeles Dodgers batting - Pitching for Arizona Diamondbacks : RHP Brett Tomko
|
|
Batting: LHB Rafael Palmeiro
|
0-0: Ball 1-0: Swinging Strike 1-1: Ball 2-1: Ball 3-1: Swinging Strike 3-2: Strikes out swinging
|
|
Batting: RHB Torii Hunter
|
0-0: SINGLE (Groundball, 56D, EV 104.4 MPH)
|
|
Batting: RHB Joe Randa
|
0-0: Foul Ball, location: 2F 0-1: Fielders Choice at 2nd, 6-4 (Groundball, 6S, EV 84.4 MPH)
|
|
Batting: SHB Jerry Browne
|
0-0: Ball 1-0: Swinging Strike 1-1: Foul Ball, location: 2F 1-2: Strikes out swinging
|
| Bottom of the 4th over - 0 runs, 1 hit, 0 errors, 1 left on base; Arizona 2 - Los Angeles 0 |
| TOP OF THE 5TH |
|
Arizona Diamondbacks batting - Pitching for Los Angeles Dodgers : RHP Bartolo Colon
|
|
Batting: RHB Sandy Alomar Jr.
|
0-0: Ball 1-0: Swinging Strike 1-1: Foul Ball, location: 2F 1-2: Ball 2-2: Foul Ball, location: 2F 2-2: Ball 3-2: SINGLE (Groundball, 56D, EV 98.8 MPH)
|
|
Batting: RHB Mike Bordick
|
0-0: Fly out, F7 (Flyball, 78S, EV 73.1 MPH)
|
|
Batting: LHB Delino DeShields
|
0-0: Called Strike 0-1: Foul Ball, location: 2F 0-2: Fielders Choice at 2nd, 4-6 (Groundball, 4M, EV 102.5 MPH)
|
|
Batting: LHB Tony Gwynn
|
Pickoff Throw to First - Error! E1 Delino DeShields to second 0-0: Ball 1-0: Swinging Strike 1-1: Foul Ball, location: 2F 1-2: Ball 2-2: Foul Ball, location: 2F 2-2: Ball 3-2: Fly out, F6 (Popup, 4MD, EV 70.6 MPH)
|
| Top of the 5th over - 0 runs, 1 hit, 1 error, 1 left on base; Arizona 2 - Los Angeles 0 |
| BOTTOM OF THE 5TH |
|
Los Angeles Dodgers batting - Pitching for Arizona Diamondbacks : RHP Brett Tomko
|
|
Batting: RHB Homer Bush
|
0-0: DOUBLE (Line Drive, 9LM, EV 100.6 MPH)
|
|
Batting: SHB Jason Varitek
|
0-0: Ball 1-0: Called Strike 1-1: Ball 2-1: Swinging Strike 2-2: Strikes out swinging
|
|
Batting: RHB Brian L Hunter
|
0-0: Called Strike 0-1: Ball 1-1: Ground out 4-3 (Groundball, 34, EV 84.4 MPH) Homer Bush to third
|
|
Batting: LHB Ryan Klesko
|
0-0: Called Strike 0-1: Ball 1-1: Called Strike 1-2: Foul Ball, location: 2F 1-2: Ball 2-2: Ball 3-2: Foul Ball, location: 2F 3-2: Fly out, F7 (Line Drive, 7, EV 100.0 MPH)
|
| Bottom of the 5th over - 0 runs, 1 hit, 0 errors, 1 left on base; Arizona 2 - Los Angeles 0 |
| TOP OF THE 6TH |
|
Arizona Diamondbacks batting - Pitching for Los Angeles Dodgers : RHP Bartolo Colon
|
|
Batting: RHB Moises Alou
|
0-0: Called Strike 0-1: Called Strike 0-2: Ball 1-2: Ball 2-2: Ground out 1-3 (Groundball, 34S, EV 86.9 MPH)
|
|
Batting: LHB Mike Greenwell
|
0-0: Ground out 6-3 (Groundball, 6M, EV 101.9 MPH)
|
|
Batting: LHB Mark Grace
|
0-0: Ball 1-0: Foul Ball, location: 2F 1-1: Called Strike 1-2: Ball 2-2: Ball 3-2: Foul Ball, location: 2F 3-2: Foul Ball, location: 2F 3-2: Foul Ball, location: 2F 3-2: Ground out U3 (Groundball, 3, EV 83.8 MPH)
|
| Top of the 6th over - 0 runs, 0 hits, 0 errors, 0 left on base; Arizona 2 - Los Angeles 0 |
| BOTTOM OF THE 6TH |
|
Los Angeles Dodgers batting - Pitching for Arizona Diamondbacks : RHP Brett Tomko
|
|
Batting: LHB Shawn Green
|
0-0: Ball 1-0: Ball 2-0: Foul Ball, location: 2F 2-1: Foul Ball, location: 2F 2-2: Strikes out looking
|
|
Batting: LHB Rafael Palmeiro
|
0-0: Ball 1-0: Fly out, F8 (Flyball, 8LM, EV 91.9 MPH)
|
|
Batting: RHB Torii Hunter
|
0-0: Called Strike 0-1: Swinging Strike 0-2: Hit by Pitch
|
|
Batting: RHB Joe Randa
|
0-0: Ball 1-0: Called Strike 1-1: Called Strike 1-2: Foul Ball, location: 2F 1-2: Ball 2-2: SINGLE (Line Drive, 8RS, EV 98.1 MPH) Torii Hunter to second
|
|
Batting: SHB Jerry Browne
|
0-0: Ball 1-0: Called Strike 1-1: Ball 2-1: Called Strike 2-2: Fielders Choice at 2nd, 6-4 (Groundball, 6, EV 82.5 MPH)
|
| Bottom of the 6th over - 0 runs, 1 hit, 0 errors, 2 left on base; Arizona 2 - Los Angeles 0 |
| TOP OF THE 7TH |
|
Arizona Diamondbacks batting - Pitching for Los Angeles Dodgers : RHP Bartolo Colon
|
|
Batting: LHB Robin Ventura
|
0-0: Called Strike 0-1: Ball 1-1: Swinging Strike 1-2: Strikes out swinging
|
|
Batting: RHB Butch Huskey
|
0-0: Called Strike 0-1: Ball 1-1: Called Strike 1-2: Strikes out swinging, 2-3 out at first.
|
|
Batting: RHB Sandy Alomar Jr.
|
0-0: Ball 1-0: Foul Ball, location: 2F 1-1: Fly out, F8 (Line Drive, 8LM, EV 108.1 MPH)
|
| Top of the 7th over - 0 runs, 0 hits, 0 errors, 0 left on base; Arizona 2 - Los Angeles 0 |
| BOTTOM OF THE 7TH |
|
Los Angeles Dodgers batting - Pitching for Arizona Diamondbacks : RHP Brett Tomko
|
|
Pitching: RHP Chuck Ricci
|
|
|
Batting: RHB Homer Bush
|
0-0: Ball 1-0: Ball 2-0: Fly out, F6 (Line Drive, 6, EV 73.8 MPH)
|
|
Batting: SHB Jason Varitek
|
0-0: Ground out 6-3 (Groundball, 6, EV 103.8 MPH)
|
|
Batting: RHB Brian L Hunter
|
0-0: Swinging Strike 0-1: Ball 1-1: Called Strike 1-2: Strikes out looking
|
| Bottom of the 7th over - 0 runs, 0 hits, 0 errors, 0 left on base; Arizona 2 - Los Angeles 0 |
| TOP OF THE 8TH |
|
Arizona Diamondbacks batting - Pitching for Los Angeles Dodgers : RHP Bartolo Colon
|
|
Batting: RHB Mike Bordick
|
0-0: Fly out, F2 (Popup, 2LF, EV 90.6 MPH)
|
|
Batting: LHB Delino DeShields
|
0-0: Ball 1-0: Ball 2-0: Ball 3-0: Called Strike 3-1: Ground out 6-3 (Groundball, 6, EV 90.0 MPH)
|
|
Batting: LHB Tony Gwynn
|
0-0: Ball 1-0: Ball 2-0: Ground out 4-3 (Groundball, 34D, EV 78.1 MPH)
|
| Top of the 8th over - 0 runs, 0 hits, 0 errors, 0 left on base; Arizona 2 - Los Angeles 0 |
| BOTTOM OF THE 8TH |
|
Los Angeles Dodgers batting - Pitching for Arizona Diamondbacks : RHP Chuck Ricci
|
|
Now in CF: Chad Curtis
|
|
|
Batting: LHB Ryan Klesko
|
0-0: Called Strike 0-1: Called Strike 0-2: Foul Ball, location: 2F 0-2: Fly out, F8 (Flyball, 78D, EV 103.8 MPH)
|
|
Batting: LHB Shawn Green
|
0-0: Called Strike 0-1: Swinging Strike 0-2: Ball 1-2: Strikes out swinging
|
|
Batting: LHB Rafael Palmeiro
|
0-0: Called Strike 0-1: Ball 1-1: Ball 2-1: Foul Ball, location: 2F 2-2: Ball 3-2: Base on Balls
|
|
Batting: RHB Torii Hunter
|
0-0: Foul Ball, location: 2F 0-1: Foul Ball, location: 2F 0-2: Strikes out looking
|
| Bottom of the 8th over - 0 runs, 0 hits, 0 errors, 1 left on base; Arizona 2 - Los Angeles 0 |
| TOP OF THE 9TH |
|
Arizona Diamondbacks batting - Pitching for Los Angeles Dodgers : RHP Bartolo Colon
|
|
Batting: RHB Moises Alou
|
0-0: Called Strike 0-1: Ball 1-1: Swinging Strike 1-2: Ball 2-2: Strikes out swinging
|
|
Batting: LHB Mike Greenwell
|
0-0: Called Strike 0-1: Fly out, F5 (Popup, 6S, EV 80.6 MPH)
|
|
Batting: LHB Mark Grace
|
0-0: Ground out U3 (Groundball, 3, EV 102.5 MPH)
|
| Top of the 9th over - 0 runs, 0 hits, 0 errors, 0 left on base; Arizona 2 - Los Angeles 0 |
| BOTTOM OF THE 9TH |
|
Los Angeles Dodgers batting - Pitching for Arizona Diamondbacks : RHP Chuck Ricci
|
|
Pitching: RHP Danny Patterson
|
|
|
Now in CF: Lance Blankenship
|
|
|
Batting: RHB Joe Randa
|
0-0: Swinging Strike 0-1: Ball 1-1: Fly out, F9 (Flyball, 89S, EV 84.4 MPH)
|
|
Batting: SHB Jerry Browne
|
0-0: Called Strike 0-1: Ball 1-1: Ball 2-1: Foul Ball, location: 2F 2-2: Ball 3-2: Base on Balls
|
|
Batting: RHB Homer Bush
|
0-0: Ball 1-0: Fielders Choice at 2nd, 1-4 (Groundball, 15S, EV 63.1 MPH)
|
|
Batting: SHB Jason Varitek
|
0-0: Ball 1-0: Fielders Choice at 2nd, U4 (Groundball, 4M, EV 76.9 MPH)
|
| Bottom of the 9th over - 0 runs, 0 hits, 0 errors, 1 left on base; Arizona 2 - Los Angeles 0 |
|